 Dungeon Crawl Stone Soup version 0.30-a0-381-g6ea064c7b4 (webtiles) character file.

Game seed: 270065871395576375

146 qeuew the Magician (level 5, -5/28 HPs)
             Began as a Deep Elf Hedge Wizard on Dec 2, 2022.
             Slain by an orc
             ... wielding a +0 flail
              (6 damage)
             ... on level 4 of the Dungeon.
             The game lasted 00:04:53 (3114 turns).

qeuew the Magician (Deep Elf Hedge Wizard)          Turns: 3114, Time: 00:04:54

Health: -5/28      AC:  3    Str:  9    XL:     5   Next: 7%
Magic:  5/14       EV: 12    Int: 19    God:
Gold:   79         SH:  5    Dex: 14    Spells: 9/14 levels left

rFire   . . .      SeeInvis .    a - +0 dagger
rCold   . . .      Faith    .    (no shield)
rNeg    . . .      Spirit   .    f - +0 leather armour
rPois   .          Reflect  +    c - +0 hat
rElec   .          Harm     .    (no cloak)
rCorr   .          Rampage  .    (no gloves)
Will    .....                    (no boots)
Stlth   ++........               g - amulet of reflection
HPRegen 0.24/turn                (no ring)
MPRegen 0.14/turn                (no ring)

@: no status effects
A: no striking features
a: no special abilities


You were on level 4 of the Dungeon.
You visited 1 branch of the dungeon, and saw 4 of its levels.

You collected 79 gold pieces.

Inventory:

Hand Weapons
 a - a +0 dagger (weapon)
Armour
 c - a +0 hat (worn)
 f - a +0 leather armour (worn)
Jewellery
 g - an amulet of reflection (around neck)
Scrolls
 e - a scroll of enchant weapon
 h - a scroll of blinking
 m - a scroll of identify
Potions
 b - 4 potions of curing
 d - 2 potions of magic
 j - a potion of cancellation
 k - a potion of mutation {unknown}
 l - 2 potions of flight


   Skills:
 + Level 1.2 Short Blades
 + Level 0.7 Armour
 * Level 3.5 Dodging
 + Level 3.0 Stealth
 * Level 5.2 Spellcasting
 + Level 2.0 Conjurations
 * Level 2.2 Summonings
 + Level 1.9 Translocations


You had 9 spell levels left.
You knew the following spells:

 Your Spells              Type           Power      Damage    Failure   Level
a - Magic Dart            Conj           48%        1d5       8%          1
b - Blink                 Tloc           24%        N/A       12%         2
c - Call Imp              Summ           13%        N/A       10%         2

Your spell library contained the following spells:

 Spells                   Type           Power      Damage    Failure   Level
 Slow                     Hex            16%        N/A       17%         1
 Cigotuvi's Dreadful Rot  Necr/Pois/Air  8%         N/A       26%         2
 Summon Guardian Golem    Hex/Summ       9%         N/A       30%         3
 Mephitic Cloud           Conj/Pois/Air  7%         N/A       36%         3
 Summon Lightning Spire   Summ/Air       9%         N/A       71%         4
 Anguish                  Hex/Necr       2%         N/A       86%         4
 Dispel Undead            Necr           4%         3d7       86%         4
 Summon Forest            Summ/Tloc      6%         N/A       89%         5
 Summon Hydra             Summ           6%         N/A       100%        7


Dungeon Overview and Level Annotations

Branches:
Dungeon (4/15)
 Temple: D:4-7

Altars:
Cheibriados

Annotations:
D:3 Robin


Message History

You feel stable enough to blink again.
Your crimson imp barely misses Robin.
The endoplasm attacks as you move away! The endoplasm closely misses you.
The hobgoblin closely misses you. The hobgoblin attacks as you move away!
You block the hobgoblin's attack. Robin throws the goblin at you!
The goblin closely misses you.
There is a stone staircase leading down here.
Your crimson imp hits Robin but does no damage.
Something hits your crimson imp. You block the hobgoblin's attack.
The goblin closely misses you.
You climb downwards.
Found a sling, 6 gold pieces, a scroll labelled USHRYSE QOEFFE and 15 stones.
Found two stone staircases leading down.
There is a stone staircase leading up here.
As you read the scroll of teleportation, it crumbles to dust.
You feel strangely unstable.
The goblin no longer looks unusually strong.
The hobgoblin barely misses you. The goblin barely misses you.
Unknown command.
Casting: Call Imp (safe; 10% risk of failure)
Confirm with . or Enter, or press ? or * to list all spells.
A beastly little devil appears in a puff of frigid air.
The goblin hits you with a +0 club. The hobgoblin hits you.
* * * LOW HITPOINT WARNING * * *
The phantom barely misses your white imp.
Unknown command.
The goblin completely misses you. The hobgoblin hits you.
* * * LOW HITPOINT WARNING * * *
Your white imp hits the hobgoblin but does no damage.
The phantom hits your white imp but does no damage.
Unknown command.
The hobgoblin no longer looks unusually strong.
The hobgoblin barely misses you.
Your white imp hits the hobgoblin but does no damage.
Your surroundings suddenly seem different. 3 orcs and an adder come into view.
Found a scroll labelled SANUFATIDO.
The orc shouts! x3; The adder hisses angrily.
The orc hits you with a +0 flail.
You die...

#####
#...#
#@o.#
#oo......
#...###.?
#...#
#....
#....#
#S....
.......


You could see an adder and 3 orcs.

Vanquished Creatures
  2 worms
  2 dart slugs
  2 endoplasms (D:1)
  3 giant cockroaches (D:2)
  6 goblins
  6 hobgoblins
  7 jackals
  A quokka (D:1)
  6 ball pythons
  4 bats
  3 frilled lizards
  5 rats
47 creatures vanquished.

Vanquished Creatures (collateral kills)
  A necrophage (D:3)
  Terence (D:3)
  A goblin (D:3)
3 creatures vanquished.

Grand Total: 50 creatures vanquished

Notes
Turn   | Place    | Note
-------+----------+-------------------------------------------
     0 | D:1      | qeuew the Deep Elf Hedge Wizard began the quest for the
                  | Orb.
     0 | D:1      | Reached XP level 1. HP: 10/10 MP: 7/7
   261 | D:1      | Reached XP level 2. HP: 15/15 MP: 1/9
   667 | D:1      | Learned a level 2 spell: Blink
   670 | D:1      | Learned a level 2 spell: Call Imp
   857 | D:1      | Found a faded altar of an unknown god.
  1468 | D:1      | Reached XP level 3. HP: 19/19 MP: 9/11
  1533 | D:1      | Identified a scroll of acquirement
  1533 | D:1      | Acquired the Tome of Ointment
  1774 | D:2      | Found a snail-covered altar of Cheibriados.
  2786 | D:3      | Noticed a necrophage
  2802 | D:3      | Killed a necrophage
  2803 | D:3      | Reached skill level 1 in Short Blades
  2803 | D:3      | Reached skill level 5 in Spellcasting
  2803 | D:3      | Reached XP level 4. HP: 14/24 MP: 0/13
  2942 | D:3      | Noticed Terence
  2969 | D:3      | Killed Terence
  2985 | D:3      | Reached XP level 5. HP: 12/28 MP: 3/14
  3089 | D:3      | Noticed Robin
  3109 | D:4      | Noticed a phantom
  3112 | D:4      | HP: 1/28 [hobgoblin[Robin] (5)]
  3114 | D:4      | Slain by an orc

Illustrated notes

Levels and vault maps discovered:
D:1:      mrwooster_arrival_statue_2, layout_basic,
          hellmonk_ecumenical_altar_zigzags
D:2:      layout_loops_corners, basic_altar
D:3:      layout_loops_ring, yredelemnul_forgotten_temple_becter,
          chequers_serial_rivers_small_b, uniq_terence, uniq_robin
D:4:      wander_river, layout_rooms, minmay_temple_entry_mist

Skill      XL: |  1  2  3  4  5 |
---------------+----------------+-----
Dodging        | 3 |  3.5
Short Blades   | 1 |  1.2
Stealth        | 3 |  3.0
Spellcasting   | 5 |  5.2
Summonings     | 2 |  2.2
Conjurations   | 2 |  2.0
Armour         | |  0.7
Translocations | |  1.9

Action                   |  1- 3 |  4- 6 || total
-------------------------+-------+-------++-------
Melee: Dagger            |    38 |    23 ||    61
 Cast: Magic Dart        |   124 |    11 ||   135
       Call Imp          |     1 |     5 ||     6
       Blink             |       |     2 ||     2
  Use: Scroll            |     8 |     1 ||     9
       Potion            |     3 |       ||     3
 Stab: Sleeping          |     1 |     1 ||     2
Armor: Robe              |     1 |       ||     1
       Leather armour    |    12 |    10 ||    22
Dodge: Dodged            |    48 |    24 ||    72
Block: Other             |     6 |     7 ||    13

Table legend: (Time is in decaauts)
 A = Elapsed time spent in this place.
 B = Non-inter-level travel time spent in this place.
 C = Inter-level travel time spent in this place.
 D = Time resting spent in this place.
 E = Time spent auto-exploring this place.
 F = Levels seen in this place.
 G = Mean time per level.
                   A        B        C        D        E       F      G
               +--------+--------+--------+--------+--------+-----+--------+
         Total |   3096 |   3041 |     55 |      0 |   2668 |   4 |  774.0 |
       Dungeon |   3096 |   3041 |     55 |      0 |   2668 |   4 |  774.0 |
               +--------+--------+--------+--------+--------+-----+--------+

Top non-repeatable levels by time:
     D:1: 1554 daAuts
     D:2: 1186 daAuts
     D:3: 351 daAuts
     D:4: 4 daAuts
